 Dungeon Crawl Stone Soup version 0.30-a0-847-g17996783a1 (webtiles) character file.

Game seed: 3175595155470212185

89 Dittersdorf the Shield-Bearer (level 4, -1/29 HPs)
             Began as a Gargoyle Fighter on Mar 3, 2023.
             Slain by Sigmund
             ... wielding a +0 scythe
              (3 damage)
             ... on level 3 of the Dungeon.
             The game lasted 00:03:13 (2253 turns).

Dittersdorf the Shield-Bearer (Gargoyle Fighter)    Turns: 2253, Time: 00:03:13

Health: -1/29      AC: 11    Str: 28    XL:     4   Next: 55%
Magic:  4/4        EV:  9    Int:  8    God:
Gold:   215        SH:  4    Dex:  9    Spells: 3/3 levels left

rFire   . . .      SeeInvis .    a - +0 flail
rCold   . . .      Faith    .    c - +0 buckler
rNeg    + . .      Spirit   .    b - +0 scale mail
rPois   ∞          Reflect  .    (no helmet)
rElec   +          Rampage  .    (no cloak)
rCorr   .                        (no gloves)
Will    .....                    s - +0 pair of boots Stlth
                                 (no amulet)
HPRegen 0.24/turn                j - +6 ring of strength
MPRegen 0.09/turn                (no ring)

@: no status effects
A: sickness immunity, AC +3, negative energy resistance 1, electricity
resistance, torment resistance 1, petrification resistance
a: no special abilities


You were on level 3 of the Dungeon.
You visited 1 branch of the dungeon, and saw 3 of its levels.

You collected 215 gold pieces.

Inventory:

Hand Weapons
 a - a +0 flail (weapon)
Armour
 b - a +0 scale mail (worn)
 c - a +0 buckler (worn)
 s - a +0 pair of boots (worn)
Jewellery
 j - a +6 ring of strength (left hand)
Wands
 p - a wand of digging (5)
Scrolls
 e - 7 scrolls of identify {unknown}
 f - a scroll of magic mapping {unknown}
 g - a scroll of vulnerability {unknown}
 h - 2 scrolls of teleportation {unknown}
 l - a scroll of enchant weapon {unknown}
 n - a scroll of fear {unknown}
 q - a scroll of noise {unknown}
 r - a scroll of brand weapon {unknown}
Potions
 d - 3 potions of might
 i - a potion of heal wounds {unknown}
 k - 2 potions of curing {unknown}
 m - a potion of invisibility {unknown}
 o - a potion of flight {unknown}
 t - a potion of brilliance


   Skills:
 + Level 4.0 Fighting
 + Level 2.8 Maces & Flails
 + Level 4.0 Armour
 + Level 4.0 Shields


You had 3 spell levels left.
You didn't know any spells.
Your spell library contained the following spells:

 Spells                   Type           Power      Damage    Failure   Level
 Sandblast                Erth           0%         2d4       77%         1
 Slow                     Hex            0%         N/A       77%         1
 Passwall                 Tmut/Erth      0%         N/A       88%         2
 Confusing Touch          Hex            0%         N/A       98%         3
 Stone Arrow              Conj/Erth      0%         3d7       98%         3
 Vampiric Draining        Necr           0%         2d6       98%         3


Dungeon Overview and Level Annotations

Branches:
Dungeon (3/15)

Altars:
Sif Muna

Shops:
D:1 *

Annotations:
D:3 Sigmund


Innate Abilities, Weirdness & Mutations

You are immune to sickness and miasma.
Your stone body is resilient. (AC +3)
You are immune to poison.
You resist negative energy. (rN+)
You are resistant to electric shocks. (rElec)
You are resistant to unholy torment.
You are immune to petrification.


Message History

You completely miss something. Something hits you but does no damage.
You miss something. You miss something. Something hits you.
You miss something. Something hits you. Something hits you but does no damage.
You hear some strange, mumbled words.
Something tries to affect you, but you resist.
You feel less confused. Something hits you.
You barely miss something. You miss something.
Something hits you but does no damage.
You barely miss something. Something hits you!
* * * LOW HITPOINT WARNING * * *
You closely miss something. Something hits you.
* * * LOW HITPOINT WARNING * * *
Something hits you but does no damage.
You are confused.
You're too confused to move!
You bump into the stone wall.
You hear some strange, mumbled words.
You are more confused.
You bump into the stone wall.
Something hits you.
* * * LOW HITPOINT WARNING * * *
Sigmund appears from thin air!
Reactivating autopickup.
Sigmund's eyes start glowing with a red light.
Sigmund hits you but does no damage. Sigmund closely misses you.
You closely miss Sigmund.
Sigmund is severely wounded.
Sigmund casts a spell at you.
The magic dart hits you but does no damage.
Sigmund hits you from afar with a +0 scythe.
* * * LOW HITPOINT WARNING * * *
Sigmund hits you with a +0 scythe.
* * * LOW HITPOINT WARNING * * *
You feel less confused. Sigmund hits you with a +0 scythe.
You die...

###...#...#............#...#
#...#...#............#...#
#...#...##############...#
#...#....................#
#...#....................#
#...#....................#
#...################'#####
#.........................
#.......@@................
#.........................
#######################...
#.## #.## #.## #.#. #...
###.


You could see Sigmund.

Vanquished Creatures
  Jessica (D:3)
  3 adders
  A worm (D:3)
  2 ball pythons (D:2)
  3 bats
  3 endoplasms
  A giant cockroach (D:3)
  3 hobgoblins
  3 quokkas
  5 frilled lizards
  3 goblins
  4 kobolds
  2 rats (D:1)
34 creatures vanquished.

Notes
Turn   | Place    | Note
-------+----------+-------------------------------------------
     0 | D:1      | Dittersdorf the Gargoyle Fighter began the quest for the
                  | Orb.
     0 | D:1      | Reached XP level 1. HP: 14/14 MP: 1/1
   203 | D:1      | Reached XP level 2. HP: 12/19 MP: 2/2
   320 | D:1      | Found Udiabag's General Store.
   947 | D:2      | Reached XP level 3. HP: 24/24 MP: 3/3
  1666 | D:3      | Found a shimmering blue altar of Sif Muna.
  1845 | D:3      | Reached XP level 4. HP: 29/29 MP: 4/4
  2170 | D:3      | Noticed Jessica
  2177 | D:3      | Killed Jessica
  2196 | D:3      | Noticed Sigmund
  2251 | D:3      | HP: 1/29 [Sigmund/+0 scythe (1)]
  2253 | D:3      | Slain by Sigmund

Illustrated notes

Levels and vault maps discovered:
D:1:      tarquinn_simple_flora_water_c, layout_basic, serial_shops, shop
D:2:      layout_loops_ring, minmay_misc_feat_encased, nrook_uturn,
          kennysheep_generic_room_10
D:3:      kennysheep_big_flooded_room, layout_basic, lemuel_round_altar,
          kennysheep_generic_room_6, uniq_jessica, uniq_sigmund

Skill      XL: |  1  2  3  4 |
---------------+-------------+-----
Fighting       | 4 |  4.0
Armour         | 4 |  4.0
Shields        | 4 |  4.0
Maces & Flails | |  2.8

Action                     |  1- 3 |  4- 6 || total
---------------------------+-------+-------++-------
  Melee: Flail             |    99 |    41 ||   140
 Armour: Scale mail        |    47 |    37 ||    84
  Dodge: Dodged            |    52 |    19 ||    71
  Block: Buckler           |    24 |     4 ||    28

Table legend: (Time is in decaauts)
 A = Elapsed time spent in this place.
 B = Non-inter-level travel time spent in this place.
 C = Inter-level travel time spent in this place.
 D = Time resting spent in this place.
 E = Time spent auto-exploring this place.
 F = Levels seen in this place.
 G = Mean time per level.
                   A        B        C        D        E       F      G
               +--------+--------+--------+--------+--------+-----+--------+
         Total |   2297 |   2165 |    132 |      0 |   1787 |   3 |  765.7 |
       Dungeon |   2297 |   2165 |    132 |      0 |   1787 |   3 |  765.7 |
               +--------+--------+--------+--------+--------+-----+--------+

Top non-repeatable levels by time:
     D:1: 843 daAuts
     D:3: 739 daAuts
     D:2: 714 daAuts
